SA
MANCELONA TORCH @ CALDWELL CHIEFS
07/18/2041
 
TOP OF THE 1ST
Mancelona Torch batting - Pitching for Caldwell Chiefs : RHP Hsin-ta Lian
Pitching: RHP Hsin-ta Lian
Batting: RHB Joe Havermeyer 0-0: Foul Ball, location: 2F
0-1: Ball
1-1: Ball
2-1: Ball
3-1: Foul Ball, location: 2F
3-2: Base on Balls
Batting: RHB Ramiro Castillo 0-0: Called Strike
0-1: Ball
1-1: Swinging Strike
1-2: Ball
2-2: Ball
3-2: SINGLE (Groundball, 56D, EV 106.2 MPH)
Joe Havermeyer to second
Joe Havermeyer to third
Batting: LHB Diego Alejandro Ureńa 0-0: Fly out, F7 (Flyball, 7LS, EV 69.4 MPH)
Batting: RHB Bill Wells 0-0: Ball
1-0: Ball
2-0: Foul Ball, location: 2F
2-1: Foul Ball, location: 2F
2-2: Strikes out swinging
Batting: SHB Alan Campbell 0-0: Fly out, F7 (Flyball, 78D, EV 100.6 MPH)
Top of the 1st over - 0 runs, 1 hit, 0 errors, 2 left on base; Mancelona 0 - Caldwell 0
BOTTOM OF THE 1ST
Caldwell Chiefs batting - Pitching for Mancelona Torch : LHP Jordon Glen Anderson
Pitching: LHP Jordon Glen Anderson
Batting: RHB Kane Felton 0-0: Ball
1-0: Ground out 6-3 (Groundball, 56, EV 82.5 MPH)
Batting: RHB Bastien Oudin 0-0: Swinging Strike
0-1: Reached on error, E1 (Groundball, 15, EV 87.5 MPH)
Batting: RHB Daniel Marley 0-0: Ball
1-0: Grounds into double play, 6-4-3 (Groundball, 6, EV 80.6 MPH)
Bottom of the 1st over - 0 runs, 0 hits, 1 error, 0 left on base; Mancelona 0 - Caldwell 0
TOP OF THE 2ND
Mancelona Torch batting - Pitching for Caldwell Chiefs : RHP Hsin-ta Lian
Batting: LHB Qi-zhen Shen 0-0: Called Strike
0-1: Swinging Strike
0-2: Strikes out looking
Batting: RHB Paul Sykes 0-0: Swinging Strike
0-1: Ball
1-1: Called Strike
1-2: Strikes out swinging
Batting: RHB Glen Stockhill 0-0: Ball
1-0: Called Strike
1-1: Single, Error in OF, E9, batter to second base (Line Drive, 89S, EV 93.8 MPH)
Batting: RHB Francisco Rocha 0-0: Called Strike
0-1: Foul Ball, location: 2F
0-2: Ball
1-2: Strikes out swinging
Top of the 2nd over - 0 runs, 1 hit, 1 error, 1 left on base; Mancelona 0 - Caldwell 0
BOTTOM OF THE 2ND
Caldwell Chiefs batting - Pitching for Mancelona Torch : LHP Jordon Glen Anderson
Batting: RHB Eric Davis 0-0: Called Strike
0-1: Foul Ball, location: 2F
0-2: SINGLE (Line Drive, 4M, EV 100.0 MPH)
Batting: LHB Jorge Napolez 0-0: Ball
1-0: Swinging Strike
1-1: Foul Ball, location: 2F
1-2: Strikes out looking
Batting: RHB Derrick Davis 0-0: Called Strike
0-1: Fly out, F3 (Popup, 3SF, EV 78.8 MPH)
Batting: RHB Tim Garner 0-0: Ball
1-0: Called Strike
1-1: Ball
2-1: Fly out, F4 (Popup, 4, EV 64.4 MPH)
Bottom of the 2nd over - 0 runs, 1 hit, 0 errors, 1 left on base; Mancelona 0 - Caldwell 0
TOP OF THE 3RD
Mancelona Torch batting - Pitching for Caldwell Chiefs : RHP Hsin-ta Lian
Batting: RHB Joe Havermeyer 0-0: Ball
1-0: Ball
2-0: Swinging Strike
2-1: Swinging Strike
2-2: Ball
3-2: SINGLE (Line Drive, 5D, EV 97.5 MPH)
Batting: RHB Ramiro Castillo 0-0: Swinging Strike
0-1: 2-RUN HOME RUN (Flyball, 7LD, EV 95.0 MPH), Distance : 354 ft
Batting: LHB Diego Alejandro Ureńa 0-0: Ball
1-0: Fly out, F7 (Line Drive, 7D, EV 87.5 MPH)
Batting: RHB Bill Wells 0-0: Swinging Strike
0-1: Called Strike
0-2: Strikes out swinging
Batting: SHB Alan Campbell 0-0: Foul Ball, location: 2F
0-1: SOLO HOME RUN (Flyball, 89XD, EV 91.2 MPH), Distance : 396 ft
Batting: LHB Qi-zhen Shen 0-0: Called Strike
0-1: Foul Ball, location: 2F
0-2: Strikes out swinging
Top of the 3rd over - 3 runs, 3 hits, 0 errors, 0 left on base; Mancelona 3 - Caldwell 0
BOTTOM OF THE 3RD
Caldwell Chiefs batting - Pitching for Mancelona Torch : LHP Jordon Glen Anderson
Batting: RHB Jesús Mancebo 0-0: Ball
1-0: Ball
2-0: Called Strike
2-1: Swinging Strike
2-2: Foul Ball, location: 2F
2-2: Foul Ball, location: 2F
2-2: Foul Ball, location: 2F
2-2: Foul Ball, location: 2F
2-2: DOUBLE (Line Drive, 78M, EV 93.1 MPH)
Batting: LHB Rafael Martínez 0-0: Fly out, F8 (Line Drive, 8LD, EV 93.1 MPH)
Batting: RHB Kane Felton 0-0: Swinging Strike
0-1: Ground out 4-3 (Groundball, 4MS, EV 83.8 MPH)
Jesús Mancebo to third
Batting: RHB Bastien Oudin 0-0: DOUBLE (Line Drive, 89D, EV 104.4 MPH)
Jesús Mancebo scores
Batting: RHB Daniel Marley 0-0: Ball
1-0: Ball
2-0: Foul Ball, location: 2F
2-1: Swinging Strike
2-2: Fly out, F7 (Flyball, 7LS, EV 87.5 MPH)
Bottom of the 3rd over - 1 run, 2 hits, 0 errors, 1 left on base; Mancelona 3 - Caldwell 1
TOP OF THE 4TH
Mancelona Torch batting - Pitching for Caldwell Chiefs : RHP Hsin-ta Lian
Batting: RHB Paul Sykes 0-0: Ball
1-0: Swinging Strike
1-1: Foul Ball, location: 2F
1-2: Ball
2-2: SINGLE (Groundball, 4MD, EV 106.9 MPH)
Batting: RHB Glen Stockhill 0-0: Ball
Paul Sykes is caught stealing 2nd base 2-4
1-0: SINGLE (Groundball, 34D, EV 111.9 MPH)
Batting: RHB Francisco Rocha 0-0: Swinging Strike
0-1: Ball
1-1: Ball
2-1: Grounds into double play, 6-4-3 (Groundball, 6, EV 103.8 MPH)
Top of the 4th over - 0 runs, 2 hits, 0 errors, 0 left on base; Mancelona 3 - Caldwell 1
BOTTOM OF THE 4TH
Caldwell Chiefs batting - Pitching for Mancelona Torch : LHP Jordon Glen Anderson
Batting: RHB Eric Davis 0-0: Called Strike
0-1: Ball
1-1: Called Strike
1-2: Foul Ball, location: 2F
1-2: Fly out, F9 (Flyball, 9LMF, EV 88.1 MPH)
Batting: LHB Jorge Napolez 0-0: Foul Ball, location: 2F
0-1: Swinging Strike
0-2: Foul Ball, location: 2F
0-2: Ball
1-2: Strikes out swinging
Batting: RHB Derrick Davis 0-0: Ground out 4-3 (Groundball, 4, EV 78.8 MPH)
Bottom of the 4th over - 0 runs, 0 hits, 0 errors, 0 left on base; Mancelona 3 - Caldwell 1
TOP OF THE 5TH
Mancelona Torch batting - Pitching for Caldwell Chiefs : RHP Hsin-ta Lian
Batting: RHB Joe Havermeyer 0-0: Called Strike
0-1: Called Strike
0-2: Ball
1-2: Ground out 4-3 (Groundball, 4S, EV 79.4 MPH)
Batting: RHB Ramiro Castillo 0-0: Ball
1-0: Ball
2-0: Swinging Strike
2-1: Fly out, F8 (Flyball, 8RD, EV 110.6 MPH)
Batting: LHB Diego Alejandro Ureńa 0-0: Swinging Strike
0-1: SINGLE (Groundball, 4D, EV 110.0 MPH)
Batting: RHB Bill Wells 0-0: Called Strike
0-1: Foul Ball, location: 2F
0-2: Foul Ball, location: 2F
0-2: Ground out 4-3 (Groundball, 4, EV 105.0 MPH)
Top of the 5th over - 0 runs, 1 hit, 0 errors, 1 left on base; Mancelona 3 - Caldwell 1
BOTTOM OF THE 5TH
Caldwell Chiefs batting - Pitching for Mancelona Torch : LHP Jordon Glen Anderson
Batting: RHB Tim Garner 0-0: Swinging Strike
0-1: Fly out, F9 (Flyball, 9S, EV 88.8 MPH)
Batting: RHB Jesús Mancebo 0-0: Ball
1-0: Foul Ball, location: 2F
1-1: Ball
2-1: Swinging Strike
2-2: Ball
3-2: Base on Balls
Batting: LHB Rafael Martínez 0-0: Ball
1-0: Ball
2-0: Foul Ball, location: 2F
2-1: Swinging Strike
2-2: Strikes out swinging
Batting: RHB Kane Felton 0-0: Ball
Wild Pitch!
Jesús Mancebo to second
1-0: Ball
2-0: Swinging Strike
2-1: Ball
3-1: Foul Ball, location: 2F
3-2: Fly out, F9 (Flyball, 9D, EV 86.9 MPH)
Bottom of the 5th over - 0 runs, 0 hits, 0 errors, 1 left on base; Mancelona 3 - Caldwell 1
TOP OF THE 6TH
Mancelona Torch batting - Pitching for Caldwell Chiefs : RHP Hsin-ta Lian
Batting: SHB Alan Campbell 0-0: Ground out 4-3 (Groundball, 4, EV 85.0 MPH)
Batting: LHB Qi-zhen Shen 0-0: Ball
1-0: SINGLE (Groundball, 4MD, EV 97.5 MPH)
Batting: RHB Paul Sykes 0-0: Ball
1-0: Ball
2-0: Ball
3-0: Base on Balls
Qi-zhen Shen to second
Batting: RHB Glen Stockhill 0-0: Ball
1-0: Ball
2-0: Grounds into double play, 5-4-3 (Groundball, 56S, EV 77.5 MPH)
Top of the 6th over - 0 runs, 1 hit, 0 errors, 1 left on base; Mancelona 3 - Caldwell 1
BOTTOM OF THE 6TH
Caldwell Chiefs batting - Pitching for Mancelona Torch : LHP Jordon Glen Anderson
Batting: RHB Bastien Oudin 0-0: Called Strike
0-1: Called Strike
0-2: Ball
1-2: Fly out, F9 (Flyball, 9LSF, EV 91.9 MPH)
Batting: RHB Daniel Marley 0-0: Called Strike
0-1: Swinging Strike
0-2: Strikes out swinging
Batting: RHB Eric Davis 0-0: Swinging Strike
0-1: Ground out 5-3 (Groundball, 56, EV 90.0 MPH)
Bottom of the 6th over - 0 runs, 0 hits, 0 errors, 0 left on base; Mancelona 3 - Caldwell 1
TOP OF THE 7TH
Mancelona Torch batting - Pitching for Caldwell Chiefs : RHP Hsin-ta Lian
Batting: RHB Francisco Rocha 0-0: Ball
1-0: SINGLE (Line Drive, 8RS, EV 99.4 MPH)
Batting: RHB Joe Havermeyer 0-0: Swinging Strike
Francisco Rocha is caught stealing 2nd base 2-4
0-1: Ball
1-1: Swinging Strike
1-2: Ball
2-2: Foul Ball, location: 2F
2-2: Foul Ball, location: 2F
2-2: Ball
3-2: Strikes out swinging
Batting: RHB Ramiro Castillo 0-0: Ball
1-0: Called Strike
1-1: Ball
2-1: Ground out 1-3 (Groundball, 34S, EV 86.9 MPH)
Top of the 7th over - 0 runs, 1 hit, 0 errors, 0 left on base; Mancelona 3 - Caldwell 1
BOTTOM OF THE 7TH
Caldwell Chiefs batting - Pitching for Mancelona Torch : LHP Jordon Glen Anderson
Batting: LHB Jorge Napolez 0-0: Called Strike
0-1: Called Strike
0-2: Ball
1-2: Strikes out looking
Batting: RHB Derrick Davis 0-0: Called Strike
0-1: Ball
1-1: Ball
2-1: Foul Ball, location: 2F
2-2: Fly out, F7 (Flyball, 7LM, EV 87.5 MPH)
Batting: RHB Tim Garner 0-0: Ball
1-0: Called Strike
1-1: Foul Ball, location: 2F
1-2: Ball
2-2: SINGLE (Line Drive, 9LM, EV 103.1 MPH)
Batting: RHB Jesús Mancebo 0-0: Ball
Tim Garner steals 2nd base (no throw)
1-0: Ball
2-0: Ball
3-0: Called Strike
3-1: Base on Balls
Pinch Hitting: RHB Tangaloa Manaolana 0-0: Ball
1-0: Ground out 6-3 (Groundball, 6S, EV 72.5 MPH)
Bottom of the 7th over - 0 runs, 1 hit, 0 errors, 2 left on base; Mancelona 3 - Caldwell 1
TOP OF THE 8TH
Mancelona Torch batting - Pitching for Caldwell Chiefs : RHP Hsin-ta Lian
Pitching: RHP Rubén Medina
Now in RF: Ramón Gómez
Batting: LHB Diego Alejandro Ureńa 0-0: Ground out 1-3 (Groundball, 13S, EV 74.4 MPH)
Batting: RHB Bill Wells 0-0: Ball
1-0: Called Strike
1-1: Foul Ball, location: 2F
1-2: Ball
2-2: Fly out, F4 (Popup, 4D, EV 46.2 MPH)
Batting: SHB Alan Campbell 0-0: Ball
1-0: Called Strike
1-1: Swinging Strike
1-2: Strikes out swinging
Top of the 8th over - 0 runs, 0 hits, 0 errors, 0 left on base; Mancelona 3 - Caldwell 1
BOTTOM OF THE 8TH
Caldwell Chiefs batting - Pitching for Mancelona Torch : LHP Jordon Glen Anderson
Batting: RHB Kane Felton 0-0: Ball
1-0: Called Strike
1-1: Ground out 5-3 (Groundball, 56S, EV 89.4 MPH)
Batting: RHB Bastien Oudin 0-0: Swinging Strike
0-1: SINGLE (Groundball, 6M, EV 101.9 MPH)
Pitching: LHP Diyaa Ababneh
Batting: RHB Daniel Marley 0-0: Called Strike
0-1: Ball
1-1: SINGLE (Groundball, 56D, EV 95.6 MPH)
Bastien Oudin to second
Batting: RHB Eric Davis 0-0: Ball
1-0: Ball
2-0: Ball
3-0: Base on Balls
Bastien Oudin to third
Daniel Marley to second
Pinch Hitting: RHB Kuan Pi 0-0: Called Strike
0-1: Swinging Strike
0-2: Ball
1-2: Strikes out looking
Batting: RHB Derrick Davis 0-0: Called Strike
0-1: Swinging Strike
0-2: Ball
1-2: Ball
2-2: Strikes out swinging
Bottom of the 8th over - 0 runs, 2 hits, 0 errors, 3 left on base; Mancelona 3 - Caldwell 1
TOP OF THE 9TH
Mancelona Torch batting - Pitching for Caldwell Chiefs : RHP Rubén Medina
Now at 1B: Kuan Pi
Batting: LHB Qi-zhen Shen 0-0: Ball
1-0: Called Strike
1-1: Swinging Strike
1-2: Strikes out looking
Batting: RHB Paul Sykes 0-0: Foul Ball, location: 2F
0-1: Called Strike
0-2: Ball
1-2: Strikes out swinging
Batting: RHB Glen Stockhill 0-0: Called Strike
0-1: Swinging Strike
0-2: Ball
1-2: Strikes out looking
Top of the 9th over - 0 runs, 0 hits, 0 errors, 0 left on base; Mancelona 3 - Caldwell 1
BOTTOM OF THE 9TH
Caldwell Chiefs batting - Pitching for Mancelona Torch : LHP Diyaa Ababneh
Pitching: LHP Danny Byrd
Batting: RHB Tim Garner 0-0: Ball
1-0: Ball
2-0: Foul Ball, location: 2F
2-1: Foul Ball, location: 2F
2-2: SINGLE (Groundball, 6MD, EV 105.0 MPH)
Batting: RHB Jesús Mancebo 0-0: Ball
1-0: Fly out, F9 (Flyball, 9LS, EV 80.0 MPH)
Pinch Hitting: RHB Dan Babauta 0-0: Foul Ball, location: 2F
0-1: Ball
1-1: SINGLE (Groundball, 15, EV 70.0 MPH) (infield hit)
Tim Garner to second
Batting: RHB Kane Felton 0-0: Ball
1-0: Foul Ball, location: 2F
1-1: Ball
2-1: Ground out 5-3 (Groundball, 56S, EV 66.2 MPH)
Tim Garner to third
Dan Babauta to second
Batting: RHB Bastien Oudin 0-0: Ball
1-0: Ground out 5-3 (Groundball, 56S, EV 70.6 MPH)
Bottom of the 9th over - 0 runs, 2 hits, 0 errors, 2 left on base; Mancelona 3 - Caldwell 1
Tuesday, January 5th, 2021 - OOTP Baseball 20.8 Build 74